 Dungeon Crawl Stone Soup version 0.30-a0-341-g682706514a (webtiles) character file.

Game seed: 8044289571320338451

306 Asagix the Ruffian (level 5, 0/40 HPs)
             Began as a Demigod Transmuter on Nov 5, 2022.
             Slain by a gnoll
             ... wielding a +0 flail
              (11 damage)
             ... on level 3 of the Dungeon.
             The game lasted 00:16:31 (2863 turns).

Asagix the Ruffian (Demigod Transmuter)             Turns: 2863, Time: 00:16:32

Health: 0/40       AC:  4    Str: 15    XL:     5   Next: 93%
Magic:  11/12      EV: 12    Int: 15    God:
Gold:   82         SH:  0    Dex: 14    Spells: 4/10 levels left

rFire   . . .      SeeInvis .    n - +0 scythe
rCold   . . .      Faith    .    (shield currently unavailable)
rNeg    . . .      Spirit   .    a - +0 robe
rPois   .          Reflect  .    c - +2 hat
rElec   .          Harm     .    (no cloak)
rCorr   .          Rampage  .    (no gloves)
Will    .....                    (no boots)
Stlth   ++........               (no amulet)
HPRegen 0.26/turn                (no ring)
MPRegen 0.13/turn                (no ring)

@: wereblooded
A: high MP 1, forlorn, divine attributes
a: no special abilities


You were on level 3 of the Dungeon.
You visited 1 branch of the dungeon, and saw 3 of its levels.

You collected 82 gold pieces.

Inventory:

Hand Weapons
 d - a +0 mace
 h - a +1 spear of venom
 n - a +0 scythe (weapon)
Armour
 a - a +0 robe (worn)
 c - a +2 hat (worn)
 j - a +0 leather armour
Scrolls
 e - a scroll of poison {unknown}
 f - 4 scrolls of teleportation {unknown}
 g - a scroll of acquirement {unknown}
 i - 3 scrolls of identify {unknown}
 k - a scroll of immolation {unknown}
 l - a scroll of vulnerability {unknown}
 m - a scroll of butterflies {unknown}
Potions
 b - 2 potions of lignification


   Skills:
 + Level 1.5 Fighting
 + Level 0.4 Maces & Flails
 + Level 2.3 Polearms
 + Level 2.6 Dodging
 + Level 1.1 Stealth
 + Level 3.2 Unarmed Combat
 + Level 3.0 Spellcasting
 + Level 2.9 Transmutations


You had 4 spell levels left.
You knew the following spells:

 Your Spells              Type           Power      Damage    Failure   Level
a - Beastly Appendage     Tmut           22%        N/A       6%          1
b - Wereblood             Tmut           11%        N/A       9%          2
c - Spider Form           Tmut/Pois      6%         N/A       32%         3

Your spell library contained the following spells:

 Spells                   Type           Power      Damage    Failure   Level
 Ice Form                 Ice/Tmut       6%         N/A       73%         4
 Borgnjor's Revivificati  Necr           1%         N/A       100%        8
 Necromutation            Tmut/Necr      3%         N/A       100%        8
 Death's Door             Necr           1%         N/A       100%        9


Dungeon Overview and Level Annotations

Branches:
Dungeon (3/15)

Annotations:
D:3 Pargi


Innate Abilities, Weirdness & Mutations

You have an increased reservoir of magic. (+10% MP)
You shall have no god before yourself.
Your divine heritage dramatically boosts your attributes as you level up.


Message History

You slash the adder!
You kill the adder!
You feel sick.
Your Spellcasting skill increases to level 3!
You feel sick.
You feel sick.
You start resting.
You feel sick.
You are no longer poisoned.
You start resting.
HP restored.
A gnoll and Pargi come into view.
Found a scroll labelled ZILIATT SEIMIS.
The gnoll shouts!
You hear a shout!
An endoplasm comes into view.
A goblin comes into view. It is wielding a +0 club.
The gnoll hits you with a +0 flail.
There are monsters nearby!
You hit the gnoll but do no damage. The gnoll hits you with a +0 flail.
Your blood is infused with primal strength.
The gnoll barely misses you.
You hit the gnoll.
The gnoll is heavily wounded.
The goblin hits you but does no damage. The gnoll closely misses you.
You closely miss the gnoll.
The gnoll is moderately wounded.
The goblin hits you with a +0 club. The gnoll hits you with a +0 flail! x2
The goblin closely misses you.
You are too injured to fight recklessly!
You barely miss the goblin. The goblin hits you with a +0 club.
The endoplasm jiggles.
The gnoll barely misses you.
You slash the goblin!
You feel a bit better.
You kill the goblin!
The gnoll hits you with a +0 flail.
* * * LOW HITPOINT WARNING * * *
You closely miss the gnoll.
The gnoll is moderately wounded.
The endoplasm closely misses you. The gnoll barely misses you.
The endoplasm closely misses you. The gnoll hits you with a +0 flail!
You die...

#...†.......####
#....<....####
#.#######....# #.
#....# .. #....#
.. ## ####
#....#...
.....####.........
#....J...........
#...g@.....##....
#..#.#.....$# ...T
# ##...........
..#.##### ##
#..#.# #?.#.#
##.#.# ..#


You could see a gnoll and an endoplasm.

Vanquished Creatures
  Sigmund (D:3)
  A hound (D:2)
  4 adders
  3 dart slugs
  7 orcs
  4 ball pythons
  5 endoplasms
  2 giant cockroaches
  9 goblins
  5 hobgoblins
  2 jackals (D:3)
  A quokka (D:2)
  2 bats (D:2)
  2 frilled lizards (D:2)
  5 kobolds
  12 rats
65 creatures vanquished.

Notes
Turn   | Place    | Note
-------+----------+-------------------------------------------
     0 | D:1      | Asagix the Demigod Transmuter began the quest for the Orb.
     0 | D:1      | Reached XP level 1. HP: 15/15 MP: 5/5
   182 | D:1      | Reached XP level 2. HP: 22/22 MP: 7/7
   757 | D:1      | Reached XP level 3. HP: 27/27 MP: 8/8
   760 | D:1      | Learned a level 2 spell: Wereblood
   846 | D:2      | Reached skill level 1 in Fighting
  1062 | D:2      | Reached skill level 1 in Polearms
  1062 | D:2      | Reached XP level 4. HP: 35/35 MP: 9/9
  2239 | D:3      | Noticed Sigmund
  2670 | D:3      | Killed Sigmund
  2671 | D:3      | Reached skill level 1 in Stealth
  2671 | D:3      | Reached XP level 5. HP: 32/40 MP: 7/12
  2758 | D:3      | Learned a level 3 spell: Spider Form
  2851 | D:3      | Noticed Pargi
  2863 | D:3      | Slain by a gnoll

Illustrated notes

Levels and vault maps discovered:
D:1:      dpeg_arrival_morbid_curiosity, layout_loops_ring
D:2:      layout_basic, basic_altar
D:3:      gammafunk_steamed_eel, layout_rooms, lemuel_doored_altar,
          serial_shops, nicolae_diamond_shop, minmay_between, uniq_sigmund,
          uniq_pargi

Skill      XL: |  1  2  3  4  5 |
---------------+----------------+-----
Transmutations | 2 |  2.9
Unarmed Combat | 3 |  3.2
Dodging        | 2 |  2.6
Spellcasting   | 2 3 |  3.0
Fighting       | 1 |  1.5
Polearms       | 1 2 |  2.3
Stealth        | 1 |  1.1
Maces & Flails | |  0.4

Action                   |  1- 3 |  4- 6 || total
-------------------------+-------+-------++-------
Melee: Mace              |    13 |       ||    13
       Unarmed           |     5 |       ||     5
       Kick              |     4 |       ||     4
       Headbutt          |     2 |     1 ||     3
       Spear             |    78 |    69 ||   147
       Punch             |     3 |     1 ||     4
       Halberd           |       |    14 ||    14
 Cast: Beastly Appendage |     4 |     2 ||     6
       Wereblood         |     1 |    18 ||    19
 Stab: Sleeping          |     3 |     2 ||     5
Armor: Robe              |    31 |    20 ||    51
Dodge: Dodged            |    55 |    71 ||   126

Table legend: (Time is in decaauts)
 A = Elapsed time spent in this place.
 B = Non-inter-level travel time spent in this place.
 C = Inter-level travel time spent in this place.
 D = Time resting spent in this place.
 E = Time spent auto-exploring this place.
 F = Levels seen in this place.
 G = Mean time per level.
                   A        B        C        D        E       F      G
               +--------+--------+--------+--------+--------+-----+--------+
         Total |   2883 |   2879 |      4 |    935 |   1264 |   3 |  961.0 |
       Dungeon |   2883 |   2879 |      4 |    935 |   1264 |   3 |  961.0 |
               +--------+--------+--------+--------+--------+-----+--------+

Top non-repeatable levels by time:
     D:2: 1844 daAuts
     D:1: 789 daAuts
     D:3: 249 daAuts
